 Dungeon Crawl Stone Soup version 0.30-a0-250-g41c1d76940 (webtiles) character file.

Game seed: 9017285300189723005

144 themarg the Trooper (level 5, -2/76 HPs)
             Began as a Minotaur Monk on Oct 12, 2022.
             Slain by a gnoll
             ... wielding a +0 halberd
             ... led by a gnoll bouda
              (9 damage)
             ... on level 4 of the Dungeon.
             The game lasted 00:05:10 (2906 turns).

themarg the Trooper (Minotaur Monk)                 Turns: 2906, Time: 00:05:10

Health: -2/76      AC: 22    Str: 18    XL:     5   Next: 5%
Magic:  4/4        EV:  2    Int:  7    God:
Gold:   144        SH:  0    Dex: 12    Spells: 4/4 levels left

rFire   . . .      SeeInvis .    a - +0 hand axe
rCold   . . .      Faith    .    (no shield)
rNeg    + . .      Spirit   .    (body armour currently unavailable)
rPois   +          Reflect  .    (helmet currently unavailable)
rElec   .          Harm     .    (cloak currently unavailable)
rCorr   .          Rampage  .    (gloves currently unavailable)
Will    .....      NoTele   +    (boots currently unavailable)
Stlth   ++........               (no amulet)
HPRegen 0.32/turn                g - ring of positive energy
MPRegen 0.09/turn                (no ring)

@: tree-form, weakened
A: stationary, stasis, torment immunity, boosted hp, (horns 2), (retaliatory
headbutt)
a: no special abilities


You were on level 4 of the Dungeon.
You were a tree.
You visited 1 branch of the dungeon, and saw 4 of its levels.

You collected 144 gold pieces.

Inventory:

Hand Weapons
 a - a +0 hand axe (weapon)
 k - a +1 mace of protection
Missiles
 h - 8 stones (quivered)
 i - 2 atropa-tipped darts
Armour
 n - a +0 scale mail (melded)
Jewellery
 g - a ring of positive energy (left branch)
Scrolls
 d - a scroll of vulnerability
 e - a scroll of identify
 j - a scroll of teleportation {unknown}
 m - 2 scrolls of amnesia {unknown}
Potions
 b - a potion of degeneration {unknown}
 c - a potion of ambrosia
 f - 4 potions of curing
 l - a potion of lignification
 o - 2 potions of heal wounds {unknown}


   Skills:
 + Level 6.8 Fighting
 - Level 3.6 Axes
 - Level 3.2 Dodging
 - Level 2.0 Stealth


You had 4 spell levels left.
You didn't know any spells.
Your spell library contained the following spells:

 Spells                   Type           Power      Damage    Failure   Level
 Inner Flame              Hex/Fire       0%         N/A       80%         3
 Flame Wave               Conj/Fire      0%         2d4       99%         4
 Sticky Flame             Conj/Fire      0%         2d3       99%         4


Dungeon Overview and Level Annotations

Branches:
Dungeon (4/15)
 Temple: D:4-7

Altars:
Hepliaklqana

Shops:
D:2 *


Innate Abilities, Weirdness & Mutations

You are a tree.
Your roots penetrate the ground, keeping you stationary.
You cannot be teleported.
You are immune to unholy pain and torment.
Your maximum health is greatly increased.
Your equipment is partially melded.
((You have a pair of horns on your head.))
((You reflexively headbutt those who attack you in melee.))


Message History

The gnoll closely misses you. The gnoll bouda closely misses you.
The hound bites you. The gnoll misses you.
You closely miss the hound.
The hound is heavily wounded.
You hit the gnoll bouda. The hound barely misses you.
The gnoll hits you from afar with a +0 halberd.
The hound closely misses you.
The gnoll hits you from afar with a +0 halberd!
* * * LOW HITPOINT WARNING * * *
Okay, then.
Really quaff the potion of lignification?
You turn into a tree.
Your +0 scale mail melds into your body.
Your roots penetrate the ground.
The gnoll barely misses you.
The gnoll bouda hits you but does no damage.
The hound bites you but does no damage.
The gnoll hits you from afar with a +0 halberd.
* * * LOW HITPOINT WARNING * * *
You hit the hound.
The hound is heavily wounded.
You hit the gnoll bouda. The hound bites you but does no damage.
The gnoll hits you but does no damage. The hound bites you but does no damage.
The gnoll hits you from afar with a +0 halberd.
* * * LOW HITPOINT WARNING * * *
A scorpion comes into view.
The gnoll bouda hits you with a +0 whip.
* * * LOW HITPOINT WARNING * * *
The gnoll hits you but does no damage.
You closely miss the hound.
The hound is heavily wounded.
You hit the gnoll bouda but do no damage.
The hound bites you but does no damage. The gnoll hits you but does no damage.
The hound completely misses you. The gnoll barely misses you.
You closely miss the hound.
The hound is heavily wounded.
You hit the gnoll bouda but do no damage.
The hound bites you but does no damage. The gnoll barely misses you.
An orc comes into view. It is wielding a +0 dagger.
The gnoll hits you from afar with a +0 halberd!
You die...

.. ... #. ... #.
... .. g.[
###.###.# ...gg?.
.o.###g#g#
...s...gh#
###..>.#♣##
###.##..# ###
#####.# ##.##
##.###.# #...#
#...##.#
##...###...##.#
#..#..#..#..#.#
#####.###.#.###.#.#
...#..# #...# #...#


You could see a gnoll bouda, a scorpion, a hound, 3 gnolls, an orc (wandering)
and a hobgoblin.

Vanquished Creatures
  A gnoll (D:1)
  5 adders
  A shadow imp (D:3)
  A worm (D:2)
  2 dart slugs
  3 orcs (D:3)
  7 bats
  6 endoplasms
  2 giant cockroaches (D:1)
  4 goblins
  11 hobgoblins
  4 jackals (D:1)
  3 quokkas
  6 ball pythons
  3 frilled lizards
  5 kobolds
  2 rats (D:3)
66 creatures vanquished.

Vanquished Creatures (others)
  2 fungi (D:4)
2 creatures vanquished.

Grand Total: 68 creatures vanquished

Notes
Turn   | Place    | Note
-------+----------+-------------------------------------------
     0 | D:1      | themarg the Minotaur Monk began the quest for the Orb.
     0 | D:1      | Reached XP level 1. HP: 19/19 MP: 0/0
   291 | D:1      | Reached skill level 4 in Fighting
   297 | D:1      | Reached XP level 2. HP: 27/27 MP: 1/1
   456 | D:1      | Reached XP level 3. HP: 35/35 MP: 2/2
   534 | D:1      | Reached skill level 5 in Fighting
   760 | D:1      | Found a faded altar of an unknown god.
   760 | D:1      | Found a faded altar of an unknown god.
  1367 | D:2      | Reached XP level 4. HP: 26/44 MP: 3/3
  1531 | D:2      | Found Bugraz's Assorted Antiques.
  1673 | D:2      | Reached skill level 6 in Fighting
  2238 | D:3      | Found a hazy altar of Hepliaklqana.
  2626 | D:3      | Reached XP level 5. HP: 47/51 MP: 4/4
  2906 | D:4      | Slain by a gnoll

Illustrated notes

Levels and vault maps discovered:
D:1:      psy_arrival_conway, layout_basic,
          hellmonk_ecumenical_altar_the_god_not_taken,
          nicolae_kite_square_tiling_tiny, minivault_25
D:2:      minmay_evil_eye, layout_rooms, serial_shops, nicolae_shop_crystal
D:3:      minmay_octagon_keep, layout_loops_ring, general_overflow_altar,
          minmay_crystal_room
D:4:      old_forge, layout_basic, nicolae_vehumet_radiance,
          lemuel_blue_sif_altar, old_standard_altar, minmay_temple_entry_hall,
          serial_curves, eino_curves_03, eino_curves_01

Skill      XL: |  1  2  3  4 |
---------------+-------------+-----
Fighting       | 4 5 6 |  6.8
Stealth        | 2 |  2.0
Axes           | |  3.6
Dodging        | |  3.2

Action                   |  1- 3 |  4- 6 || total
-------------------------+-------+-------++-------
Melee: Hand axe          |    87 |    80 ||   167
       Headbutt          |     8 |    10 ||    18
       Punch             |     1 |       ||     1
  Use: Scroll            |       |     3 ||     3
       Potion            |       |     1 ||     1
 Stab: Sleeping          |     5 |       ||     5
Armor: Robe              |    13 |       ||    13
       Scale mail        |       |    39 ||    39
       Skin              |       |     9 ||     9
Dodge: Dodged            |    60 |    57 ||   117

Table legend: (Time is in decaauts)
 A = Elapsed time spent in this place.
 B = Non-inter-level travel time spent in this place.
 C = Inter-level travel time spent in this place.
 D = Time resting spent in this place.
 E = Time spent auto-exploring this place.
 F = Levels seen in this place.
 G = Mean time per level.
                   A        B        C        D        E       F      G
               +--------+--------+--------+--------+--------+-----+--------+
         Total |   2929 |   2794 |    135 |    242 |   2101 |   4 |  732.2 |
       Dungeon |   2929 |   2794 |    135 |    242 |   2101 |   4 |  732.2 |
               +--------+--------+--------+--------+--------+-----+--------+

Top non-repeatable levels by time:
     D:1: 1166 daAuts
     D:3: 1032 daAuts
     D:2: 647 daAuts
     D:4: 82 daAuts
